 Dungeon Crawl Stone Soup version 0.20-a0-1089-g3fde505 (webtiles) character file.

48 Alarkh the Chopper (level 3, 29/29 HPs)
             Began as a Demonspawn Berserker on May 3, 2017.
             Was a Follower of Trog.
             Quit the game on level 4 of the Dungeon.
             The game lasted 00:00:40 (630 turns).

Alarkh the Chopper (Demonspawn Berserker)            Turns: 630, Time: 00:00:41

Health: 29/29      AC:  8    Str: 17    XL:     3   Next: 50%
Magic:  3/3        EV: 12    Int:  9    God:    Trog [*.....]
Gold:   64         SH:  0    Dex: 12    Spells: 2/2 levels left

rFire    + . .     SeeInvis .   a - +0 hand axe
rCold    . . .     Gourm    .   (no shield)
rNeg     . . .     Faith    .   b - +0 animal skin
rPois    .         Spirit   .   (no helmet)
rElec    .         Reflect  .   (no cloak)
rCorr    .         Harm     .   (no gloves)
MR       .....                  e - +0 pair of boots
Stlth    +.........             (no amulet)
Regen    0.1/turn               i - +5 ring of protection
MPRegen  0.1/turn               (no ring)

@: slowed, very slow
A: fire resistance 1, powered by pain 1
a: Berserk, Burn Spellbooks, Renounce Religion


You were on level 4 of the Dungeon.
You worshipped Trog.
Trog was aware of your devotion.
You were not hungry.

You visited 1 branch of the dungeon, and saw 4 of its levels.

You collected 64 gold pieces.

Inventory:

Hand Weapons
 a - a +0 hand axe (weapon)
Armour
 b - a +0 animal skin (worn)
 e - a +0 pair of boots (worn)
Jewellery
 i - a +5 ring of protection (left hand)
 j - a cursed ring of loudness {unknown}
Scrolls
 h - a scroll of random uselessness {unknown}
 k - a scroll of enchant armour {unknown}
Potions
 f - a potion of resistance {unknown}
 g - a potion of heal wounds {unknown}
Comestibles
 c - 2 bread rations
 d - 5 chunks of flesh


   Skills:
 - Level 3.0 Fighting
 + Level 4.1 Axes
 - Level 1.7 Armour
 - Level 1.7 Dodging


You had 2 spell levels left.
You didn't know any spells.

Dungeon Overview and Level Annotations

Branches:
Dungeon (4/15)
 Temple: D:4-7

Altars:


Innate Abilities, Weirdness & Mutations

Your flesh is heat resistant. (rF+)
You sometimes gain a little power by taking damage.


Message History

You kill the iguana!
Trog accepts your kill.
Your Axes skill increases to level 4!
You have reached level 3!
Your experience leads to an increase in your attributes!
Your base attributes are Str 17, Int 8, Dex 12.
Increase (S)trength, (I)ntelligence, or (D)exterity?
You feel clever.
Your demonic ancestry asserts itself...
You feel resistant to heat.
There isn't anything to butcher here.
You see here an iguana corpse.
You feel a strong urge to attack something.
d - 5 chunks of flesh (gained 3) Calm down first, please.
You now have 64 gold pieces (gained 18).
You feel your anger subside.
You are no longer berserk.
You pass out from exhaustion.
You feel yourself slow down.
You can move again.
Are you sure you want to abandon this character and quit the game? (Confirm with "yes".)

#.# #.# #.# #### #.#
#.. #.# #.# #.###.##
# #.##...#
#...####.#..#.#
.......<.#...@#######
#...#####.#.........#
# ##.########.# #.#
#.# #.# ... ..# #.#


There were no monsters in sight!

Vanquished Creatures
  An iguana (D:4)
  An ooze (D:1)
  A worm (D:3)
  A dart slug (D:3)
  2 giant cockroaches (D:1)
  A goblin (D:2)
  2 hobgoblins
  A kobold (D:3)
  4 rats
14 creatures vanquished.

Notes
Turn   | Place    | Note
-------+----------+-------------------------------------------
     0 | D:1      | Alarkh the Demonspawn Berserker began the quest for the Orb.
     0 | D:1      | Reached XP level 1. HP: 18/18 MP: 1/1
    58 | D:1      | Reached skill level 3 in Axes
   181 | D:1      | Gained mutation: You sometimes gain a little power by taking damage. [demonic ancestry]
   181 | D:1      | Reached XP level 2. HP: 22/24 MP: 2/2
   200 | D:1      | You fall through a shaft!
   619 | D:4      | Reached skill level 4 in Axes
   619 | D:4      | Gained mutation: Your flesh is heat resistant. (rF+) [demonic ancestry]
   619 | D:4      | Reached XP level 3. HP: 29/29 MP: 3/3
   630 | D:4      | Quit the game

Vault maps used:
D:1:      onia_arrival_larder, minmay_misc_feat_doors
D:2:      grunt_dithmenos_smoke
D:4:      lemuel_temple_firewalk_a, kennysheep_doodads, uniq_pikel, uniq_edmund

Skill      XL: |  1  2 |
---------------+-------+-----
Axes           | 3 4 |  4.1
Fighting       | |  3.0
Armour         | |  1.7
Dodging        | |  1.7

Action                   || total
-------------------------++-------
Melee: Hand axe          ||    53
Invok: Berserk           ||     1
 Stab: Sleeping          ||     3
Armor: Animal skin       ||    10
Dodge: Dodged            ||    29
